 Dungeon Crawl Stone Soup version 0.32-a0-913-g739538afd8 (webtiles) character file.

Game seed: 4916952332746184658

73 Adrian566 the Slasher (level 4, 0/34 HPs)
             Began as a Demonspawn Gladiator on Apr 9, 2024.
             Succumbed to an adder's poison
             ... on level 3 of the Dungeon.
             The game lasted 00:01:29 (2250 turns).

Adrian566 the Slasher (Demonspawn Gladiator)        Turns: 2250, Time: 00:01:30

Health: 0/34       AC:  3    Str: 13    XL:     4   Next: 8%
Magic:  4/4        EV:  5    Int:  8    God:
Gold:   105        SH:  0    Dex: 16    Spells: 3/3 levels left

rFire   . . .        a - +0 long sword
rCold   . . .        (no shield)
rNeg    . . .        b - +0 leather armour
rPois   .            (helmet restricted)
rElec   .            (no cloak)
rCorr   .            (no gloves)
SInv    .            (no boots)
Will    .....        (no amulet)
Stlth   ++           (no ring)
HPRegen 0.25/turn    (no ring)
MPRegen 0.09/turn

%: no passive effects
@: lethally poisoned (0 -> -12), held, wreathed by umbra
A: antennae 1, foul shadow 1, weak 1
a: no special abilities


You were on level 3 of the Dungeon.
You visited 1 branch of the dungeon, and saw 3 of its levels.

You collected 105 gold pieces.

Inventory:

Hand Weapons
 a - a +0 long sword (weapon)
Missiles
 d - 3 throwing nets (quivered)
 e - a javelin
Armour
 b - a +0 leather armour (worn)
 c - a +0 helmet
Scrolls
 f - 3 scrolls of fog {unknown}
 g - a scroll of teleportation
 i - a scroll of blinking {unknown}
 j - a scroll of vulnerability {unknown}
 k - a scroll of enchant armour {unknown}
 n - 2 scrolls of identify {unknown}
 q - a scroll of torment {unknown}
 r - a scroll of silence {unknown}
Potions
 l - 2 potions of degeneration {unknown}
 m - a potion of brilliance {unknown}
 o - 2 potions of might {unknown}
 p - a potion of curing {unknown}


   Skills:
 + Level 2.3 Fighting
 + Level 3.3 Long Blades
 + Level 1.9 Throwing
 + Level 0.8 Armour
 + Level 3.1 Dodging
 * Level 1.6 Stealth


You had 3 spell levels left.
You didn't know any spells.
Your spell library contained the following spells:

 Spells                   Type           Power      Damage    Failure   Level
 Lesser Beckoning         Tloc           0%         N/A       63%         2
 Maxwell's Portable Pile  Tloc           0%         2d(5-13)  86%         3
 Teleport Other           Tloc           0%         N/A       86%         3


Dungeon Overview and Level Annotations

Branches:
Dungeon (3/15)

Altars:

Shops:
D:2 [

Portals:
Abyss: D:3

Annotations:
D:3 2 transporters, Poisondrake's ghost, amateur MDMo


Innate Abilities, Weirdness & Mutations

You have a pair of small antennae on your head.
You are faintly shadowed, very rarely releasing foul flame when damaged in melee.
You are weak. (Str -2)


Message History

The adder bites you but does no damage.
You hit the adder.
The adder is almost dead.
The adder closely misses you. The adder bites you but does no damage.
The adder barely misses you.
The ribbon worm expels a string of sticky webbing.
The stream of webbing hits you but does no damage.
You are caught in a web!
You are caught in a web!
Unknown command.
You are caught in a web!
Unknown command.
You struggle to detach yourself from the web.
The adder bites you.
You are poisoned.
The adder poisons you! The adder bites you.
The ribbon worm bites you but does no damage.
The adder bites you.
You are more poisoned.
The adder poisons you!
You struggle to detach yourself from the web.
You feel sick. The adder bites you. The adder closely misses you.
The adder barely misses you.
Unknown command.
You struggle to detach yourself from the web.
You feel sick. The ribbon worm bites you. The adder bites you.
You are lethally poisoned!
The adder poisons you! The adder bites you.
* * * LOW HITPOINT WARNING * * *
You are more poisoned.
The adder poisons you!
You struggle to detach yourself from the web.
* * * LOW HITPOINT WARNING * * *
You feel very sick. The adder bites you but does no damage.
The adder completely misses you. The ribbon worm bites you.
* * * LOW HITPOINT WARNING * * *
It was a potion of mutation.
You feel extremely strange.
You feel weaker.
You die...

#........ #..
######+####...######..
###.....................
.......................
#...............###..#
#.......#..###.##$####
###.......#..#.###... #.
#.....w......#....^..#.#
#.....S@.....##.#.^...#.
......S.......# ^#.#.###
#...#####.#...##..#.##.#
#.. #.#....# #.#..# #.
#.#....©#...##..
#.......#. #.. ###...###
##. ## ..#


You could see a ribbon worm (catching breath) and 2 adders.

Vanquished Creatures
  2 adders (D:2)
  3 dart slugs
  5 bats
  3 endoplasms
  2 goblins
  4 hobgoblins
  7 jackals (D:1)
  2 kobolds (D:1)
  4 quokkas
  4 ball pythons
  3 frilled lizards
  5 rats
44 creatures vanquished.

Notes
Turn   | Place    | Note
-------+----------+-------------------------------------------
     0 | D:1      | Adrian566 the Demonspawn Gladiator began the quest for the
                  | Orb.
     0 | D:1      | Reached XP level 1. HP: 16/16 MP: 1/1
   162 | D:1      | Gained mutation: You are faintly shadowed, very rarely
                  | releasing foul flame when damaged in melee. [demonic
                  | ancestry]
   162 | D:1      | Reached XP level 2. HP: 22/22 MP: 2/2
   685 | D:1      | Reached XP level 3. HP: 27/27 MP: 3/3
  1058 | D:2      | Found Qituyfo's Antique Armour Emporium.
  1068 | D:2      | Reached skill level 1 in Stealth
  2083 | D:3      | Gained mutation: You have a pair of small antennae on your
                  | head. [demonic ancestry]
  2083 | D:3      | Reached XP level 4. HP: 34/34 MP: 4/4
  2191 | D:3      | Found a transporter.
  2194 | D:3      | Noticed a kobold brigand
  2197 | D:3      | Found a one-way gate to the infinite horrors of the Abyss.
  2197 | D:3      | Noticed Poisondrake's ghost (amateur MDMo)
  2201 | D:3      | Found a transporter.
  2205 | D:3      | Noticed a small abomination
  2250 | D:3      | Gained mutation: You are weak. (Str -2) [potion of
                  | mutation]
  2250 | D:3      | Succumbed to an adder's poison

Illustrated notes

Levels and vault maps discovered:
D:1:      dpeg_arrival_solitude, layout_basic, amcnicky_mini_pool_small,
          st_stairs_1
D:2:      layout_basic, serial_shops, shop, chequers_mini_garden
D:3:      layout_basic, mainiacjoe_overflow_paths,
          gammafunk_ghost_abyssal_escape

Skill      XL: |  1  2  3 |
---------------+----------+-----
Dodging        | 3 |  3.1
Long Blades    | 3 |  3.3
Stealth        | 1 |  1.6
Fighting       | |  2.3
Throwing       | |  1.9
Armour         | |  0.8

Action                     |  1- 3 |  4- 6 || total
---------------------------+-------+-------++-------
  Melee: Long sword        |   105 |    16 ||   121
    Use: Potion            |       |     1 ||     1
   Stab: Sleeping          |     6 |       ||     6
 Armour: Leather armour    |    63 |    24 ||    87
  Dodge: Dodged            |    73 |    15 ||    88

Table legend: (Time is in decaauts)
 A = Elapsed time spent in this place.
 B = Non-inter-level travel time spent in this place.
 C = Inter-level travel time spent in this place.
 D = Time resting spent in this place.
 E = Time spent auto-exploring this place.
 F = Levels seen in this place.
 G = Mean time per level.
                   A        B        C        D        E       F      G
               +--------+--------+--------+--------+--------+-----+--------+
         Total |   2279 |   2256 |     23 |      0 |   1914 |   3 |  759.7 |
       Dungeon |   2279 |   2256 |     23 |      0 |   1914 |   3 |  759.7 |
               +--------+--------+--------+--------+--------+-----+--------+

Top non-repeatable levels by time:
     D:1: 1059 daAuts
     D:2: 1044 daAuts
     D:3: 176 daAuts
